 Dungeon Crawl Stone Soup version 0.27-a0-828-g8289197e94 (webtiles) character file.

Game seed: 14492617310980575132

471 dolemite99 the Cleaver (level 7, -3/57 HPs)
             Began as a Hill Orc Fighter on Mar 31, 2021.
             Was an Initiate of Ashenzari.
             Slain by Pikel
             ... wielding a +1 whip of freezing
              (9 damage)
             ... on level 4 of the Dungeon.
             The game lasted 00:04:53 (5717 turns).

dolemite99 the Cleaver (Hill Orc Fighter)           Turns: 5717, Time: 00:04:54

Health: -3/57      AC: 11    Str: 20    XL:     7   Next: 9%
Magic:  7/7        EV:  5    Int:  9    God:    Ashenzari [......]
Gold:   190        SH:  9    Dex: 10    Spells: 6/6 levels left

rFire    . . .     SeeInvis .   a - +0 war axe
rCold    . . .     Faith    .   c - +0 kite shield
rNeg     . . .     Spirit   .   m - +0 chain mail
rPois    .         Reflect  .   (no helmet)
rElec    .         Harm     .   (no cloak)
rCorr    .         Rampage  .   j - +1 pair of gloves of the Chained Sage {Evo, Melee} (curse)
Will     .....                  (no boots)
Stlth    ..........             (no amulet)
HPRegen  0.19/turn              (no ring)
MPRegen  0.10/turn              (no ring)

@: no status effects
A: no striking features
a: Renounce Religion, Shatter the Chains


You were on level 4 of the Dungeon.
You worshipped Ashenzari.
Ashenzari was noncommittal.
You visited 1 branch of the dungeon, and saw 5 of its levels.

You collected 190 gold pieces.

Inventory:

Hand Weapons
 a - a +0 war axe (weapon)
 b - a +2 dagger of draining
 i - a +3 battleaxe of flaming
Missiles
 e - 183 stones (quivered)
 h - 60 arrows
Armour
 c - a +0 kite shield (worn)
 d - a +0 scale mail
 j - the cursed +1 pair of gloves of the Chained Sage (worn) {Evo, Melee}
   (You found it on level 3 of the Dungeon)

   It has a curse which improves the following skills: Evocations: Evocations.
   Melee Combat: Short Blades, Long Blades, Axes, Maces & Flails, Polearms,
   Staves and Unarmed Combat.
 m - a +0 chain mail (worn)
Scrolls
 f - a scroll of vulnerability
 g - a scroll of amnesia
Potions
 n - a potion of magic


   Skills:
 - Level 3.6 Fighting
 + Level 9.8(10.2) Axes
 - Level 3.2 Armour
 - Level 3.2 Shields


You had 6 spell levels left.
You didn't know any spells.
Your spell library was empty.

Dungeon Overview and Level Annotations

Branches:
Dungeon (5/15)
 Temple: D:4-7

Altars:
Ashenzari
Kikubaaqudgha

Annotations:
D:4 Pikel


Message History

The atropa-tipped dart barely misses Pikel.
You block Pikel's attack. x2
Throw: 4 darts (atropa)
Press: ? - help, Q - select action, (/) - cycle Shift-Dir - straight line, f/p - Pikel
Aim: Pikel, wielding a +1 whip of freezing and wearing a +0 robe (severely wounded, 47% to hit, chance to blind on hit: 3%)
You throw an atropa-tipped dart. The atropa-tipped dart hits Pikel.
Pikel resists.
Pikel is severely wounded.
You block Pikel's attack.
Throw: 3 darts (atropa)
Press: ? - help, Q - select action, (/) - cycle Shift-Dir - straight line, f/p - Pikel
Aim: Pikel, wielding a +1 whip of freezing and wearing a +0 robe (heavily wounded, 47% to hit, chance to blind on hit: 3%)
You throw an atropa-tipped dart.
The atropa-tipped dart barely misses Pikel.
You block Pikel's attack.
Throw: 2 darts (atropa)
Press: ? - help, Q - select action, (/) - cycle Shift-Dir - straight line, f/p - Pikel
Aim: Pikel, wielding a +1 whip of freezing and wearing a +0 robe (heavily wounded, 45% to hit, chance to blind on hit: 3%)
You throw an atropa-tipped dart. The atropa-tipped dart hits Pikel.
Pikel resists.
Pikel is heavily wounded.
Pikel hits you with a +1 whip of freezing.
* * * LOW HITPOINT WARNING * * *
Pikel freezes you.
* * * LOW HITPOINT WARNING * * *
Throw: dart (atropa)
Press: ? - help, Q - select action, (/) - cycle Shift-Dir - straight line, f/p - Pikel
Aim: Pikel, wielding a +1 whip of freezing and wearing a +0 robe (heavily wounded, 47% to hit, chance to blind on hit: 3%)
You throw an atropa-tipped dart. The atropa-tipped dart hits Pikel.
Pikel resists.
Pikel is heavily wounded.
Pikel hits you with a +1 whip of freezing.
* * * LOW HITPOINT WARNING * * *
Pikel freezes you.
* * * LOW HITPOINT WARNING * * *
Pikel hits you but does no damage.
You hit Pikel.
Pikel is severely wounded.
Pikel hits you with a +1 whip of freezing!
You die...

#.# #......... #.# #......### #.#
##......### #.# #.......##. #.#
#..#.#..##. #.# #..#.#..##. #.#
##....#..... #### #.#
#........##. ...# ##### #@#
#....##..##. #..#
##...###K#####........##.
#..######.###.##.................
.................#####.##.##.####
...######.###.##.# #.##..#.# ...#
##...###>#####.......# ...#
######......####...## ##.#
#.(###.# #...# ##.# #.(###.#
#)..# #


You could see Pikel.

Vanquished Creatures
  An ogre (D:5)
  2 lemures (D:5)
  2 water moccasin zombies (D:5)
  An iguana (D:4)
  5 orc wizards
  5 adders
  A worm (D:2)
  4 dart slugs
  8 orcs
  9 endoplasms
  A giant cockroach (D:4)
  6 goblins
  10 hobgoblins
  A quokka (D:1)
  5 ball pythons
  9 bats
  4 frilled lizards
  3 kobolds
  4 rats
81 creatures vanquished.

Vanquished Creatures (others)
  A human (D:2)
  3 plants (D:4)
  A withered plant (D:5)
5 creatures vanquished.

Grand Total: 86 creatures vanquished

Notes
Turn   | Place    | Note
-------+----------+-------------------------------------------
     0 | D:1      | dolemite99 the Hill Orc Fighter began the quest for the
                  | Orb.
     0 | D:1      | Reached XP level 1. HP: 19/19 MP: 1/1
    61 | D:1      | Reached skill level 3 in Axes
    79 | D:1      | Reached XP level 2. HP: 26/26 MP: 2/2
   240 | D:1      | Reached skill level 4 in Axes
   597 | D:1      | Reached XP level 3. HP: 19/31 MP: 3/3
  1415 | D:2      | Reached skill level 5 in Axes
  1909 | D:2      | Found an ancient bone altar of Kikubaaqudgha.
  1917 | D:2      | Noticed a human
  1919 | D:2      | Killed a human
  2146 | D:2      | Reached XP level 4. HP: 36/39 MP: 4/4
  2445 | D:3      | Found a broken altar of Ashenzari.
  2650 | D:3      | Became a worshipper of Ashenzari the Shackled
  2650 | D:3      | Identified a scroll of acquirement
  2700 | D:3      | Reached skill level 6 in Axes
  2711 | D:3      | Reached XP level 5. HP: 14/37 MP: 5/5
  2722 | D:3      | Reached skill level 7 in Axes
  3484 | D:4      | Acquired a +3 battleaxe of flaming
  3788 | D:4      | Reached skill level 8 in Axes
  3791 | D:4      | Reached XP level 6. HP: 9/50 MP: 6/6
  4600 | D:5      | Entered Level 5 of the Dungeon
  5081 | D:5      | Reached skill level 9 in Axes
  5214 | D:5      | Reached XP level 7. HP: 11/57 MP: 7/7
  5423 | D:5      | Noticed Pikel
  5717 | D:4      | Slain by Pikel

Illustrated notes

Levels and vault maps discovered:
D:1:      minmay_arrival_four_houses, layout_rooms
D:2:      layout_loops_cross, tgw_kikubaaqudgha
D:3:      layout_rooms, minmay_crystal_water, lemuel_tele_altar
D:4:      layout_loops_cross, serial_bayou_lagoon_b
D:5:      layout_loops_ring, serial_undead, serial_undead_d, serial_undead_e,
          serial_undead_d, serial_undead_e, uniq_menkaure, uniq_pikel,
          uniq_eustachio, uniq_duvessa

Skill      XL: |  1  2  3  4  5  6 |
---------------+-------------------+-----
Axes           | 3 4 5 6 8 9 |  9.8
Fighting       | |  3.6
Armour         | |  3.2
Shields        | |  3.2

Action                   |  1- 3 |  4- 6 |  7- 9 || total
-------------------------+-------+-------+-------++-------
Melee: War axe           |    88 |   158 |    18 ||   264
Throw: Stone             |    19 |    39 |     2 ||    60
       Dart              |       |     2 |     6 ||     8
Invok: Curse Item        |       |     1 |       ||     1
  Use: Potion            |     1 |     5 |     1 ||     7
       Scroll            |       |     2 |       ||     2
Armor: Scale mail        |    38 |    43 |       ||    81
       Chain mail        |       |    22 |     6 ||    28
Dodge: Dodged            |    19 |    34 |     4 ||    57
Block: Kite shield       |    51 |    62 |    13 ||   126

Table legend: (Time is in decaauts)
 A = Elapsed time spent in this place.
 B = Non-inter-level travel time spent in this place.
 C = Inter-level travel time spent in this place.
 D = Time resting spent in this place.
 E = Time spent auto-exploring this place.
 F = Levels seen in this place.
 G = Mean time per level.
                   A        B        C        D        E       F      G
               +--------+--------+--------+--------+--------+-----+--------+
         Total |   5873 |   5701 |    172 |   2529 |   2231 |   5 | 1174.6 |
       Dungeon |   5873 |   5701 |    172 |   2529 |   2231 |   5 | 1174.6 |
               +--------+--------+--------+--------+--------+-----+--------+

Top non-repeatable levels by time:
     D:4: 1572 daAuts
     D:1: 1254 daAuts
     D:2: 1168 daAuts
     D:3: 998 daAuts
     D:5: 879 daAuts
